 Dungeon Crawl Stone Soup version 0.29-a0-414-g5075937ec3 (webtiles) character file.

Game seed: 1420780552399356064

14 101zpm the Insei (level 2, 0/22 HPs)
             Began as a Djinni Transmuter on May 15, 2022.
             Slain by a rat (3 damage)
             ... on level 2 of the Dungeon.
             The game lasted 00:02:00 (544 turns).

101zpm the Insei (Djinni Transmuter)                 Turns: 544, Time: 00:02:01

Health: 0/22       AC:  2    Str:  9    XL:     2   Next: 60%
Gold:   1          EV: 12    Int: 14    God:
                   SH:  0    Dex: 13

rFire   + + .      SeeInvis .     - Unarmed
rCold   x . .      Faith    .   (no shield)
rNeg    . . .      Spirit   .   a - +0 robe
rPois   ∞          Reflect  .   (helmet currently unavailable)
rElec   .          Harm     .   (no cloak)
rCorr   .          Rampage  .   (no gloves)
Will    .....                   (boots unavailable)
Stlth   +.........              (no amulet)
HPRegen 0.07/turn               (no ring)
MPRegen 0.00/turn               (no ring)

@: appendages (expiring), flying
A: horns 2, flying, sickness immunity, fire resistance 2, cold vulnerability 1,
float, innate caster, HP casting, extra vitality 1
a: End Transformation


You were on level 2 of the Dungeon.
You had temporarily grown beastly horns.
You visited 1 branch of the dungeon, and saw 2 of its levels.

You collected 1 gold pieces.

Inventory:

Armour
 a - a +0 robe (worn)
Scrolls
 d - a scroll of identify {unknown}
Potions
 b - a potion of lignification
 c - a potion of attraction {unknown}


   Skills:
 + Level 1.0 Fighting
 + Level 2.1 Dodging
 + Level 3.6 Unarmed Combat
 + Level 1.7 Spellcasting


You couldn't memorise any spells.
You knew the following spells:

 Your Spells              Type           Power      Damage    Failure   Level
a - Beastly Appendage     Tmut           12%        N/A       12%         1
b - Wereblood             Tmut           6%         N/A       19%         2
c - Spider Form           Tmut/Pois      6%         N/A       34%         3
d - Ice Form              Ice/Tmut       6%         N/A       75%         4
Your spell library was empty.

Dungeon Overview and Level Annotations

Branches:
Dungeon (2/15)

Altars:


Innate Abilities, Weirdness & Mutations

You have temporarily grown beastly horns.
You are flying.
You are immune to sickness and miasma.
You are immune to poison.
Your flesh is very heat resistant. (rF++)
You are vulnerable to cold. (rC-)
You float through the air rather than walking.
You learn spells naturally, not from books.
Your magical power is your life essence.
You have superior vitality. (+4 MHP)


Message History

The rat twitches its whiskers.
The rat attacks as you move away! The rat barely misses you.
Your horns disappear.
You closely miss the rat. The rat bites you.
You hit the rat.
You kill the rat!
You hit the rat.
The rat is severely wounded.
The rat bites you.
* * * LOW HITPOINT WARNING * * *
You hit the rat.
You kill the rat!
The rat barely misses you. The rat bites you.
* * * LOW HITPOINT WARNING * * *
You see here a rat corpse.
Casting: Beastly Appendage (safe; 12% risk of failure)
Confirm with . or Enter, or press ? or * to list all spells.
You grow a pair of large bovine horns.
* * * LOW HITPOINT WARNING * * *
The rat closely misses you. The rat bites you but does no damage.
The rat attacks as you move away! The rat bites you but does no damage.
You hit the rat.
You kill the rat!
You hit the rat.
The rat is moderately wounded.
The rat twitches its whiskers.
The rat bites you.
* * * LOW HITPOINT WARNING * * *
You hit the rat. Your headbutt misses the rat.
The rat is severely wounded.
The rat closely misses you.
You hit the rat.
You kill the rat!
You barely miss the rat.
Your transformation is almost over.
The rat closely misses you.
A rat comes into view.
You barely miss the rat. You headbutt the rat, but do no damage.
The rat bites you.
You die...

......##'######.......#
......................# .
.##..###.#####.......##..
.##......................
.........................
.........................
.......#.#####.##..##..##
.....(.......#.##........
..............rr@........
.............#.##.....###
....#.##.#...#†##).#..#
....#.........r....#..#
....#.##.#..##.##†.##.###
....#....#.......†.......
....#.####..##.##r.##:.##
....... ....##...$..# ..#
##..#.# ##.# #..#..... ..


You could see 3 rats.

Vanquished Creatures
  2 endoplasms (D:2)
  A giant cockroach (D:1)
  A goblin (D:2)
  A jackal (D:1)
  2 kobolds (D:2)
  9 rats (D:2)
16 creatures vanquished.

Notes
Turn   | Place    | Note
-------+----------+-------------------------------------------
     0 | D:1      | 101zpm the Djinni Transmuter began the quest for the Orb.
     0 | D:1      | Reached XP level 1. HP: 17/17 MP: 0/0
   374 | D:2      | Reached XP level 2. HP: 21/22 MP: 0/0
   544 | D:2      | Slain by a rat

Illustrated notes

Levels and vault maps discovered:
D:1:      dpeg_arrival_brainrot, layout_basic
D:2:      layout_basic, nicolae_ecumenical_pavilion, minmay_rat_hole,
          uniq_sigmund, uniq_robin, uniq_natasha

Action                   || total
-------------------------++-------
Melee: Unarmed           ||    44
       Headbutt          ||     5
 Cast: Beastly Appendage ||    11
 Stab: Sleeping          ||     1
Armor: Robe              ||     8
Dodge: Dodged            ||    34

Table legend: (Time is in decaauts)
 A = Elapsed time spent in this place.
 B = Non-inter-level travel time spent in this place.
 C = Inter-level travel time spent in this place.
 D = Time resting spent in this place.
 E = Time spent auto-exploring this place.
 F = Levels seen in this place.
 G = Mean time per level.
                   A        B        C        D        E       F      G
               +--------+--------+--------+--------+--------+-----+--------+
         Total |    540 |    540 |      0 |      0 |    427 |   2 |  270.0 |
       Dungeon |    540 |    540 |      0 |      0 |    427 |   2 |  270.0 |
               +--------+--------+--------+--------+--------+-----+--------+

Top non-repeatable levels by time:
     D:2: 513 daAuts
     D:1: 27 daAuts
